 Dungeon Crawl Stone Soup version 0.14-a0-3329-g86b2fc4 (webtiles) character file.

169 4tharraofdagon the Firebug (level 4, -2/24 HPs)
             Began as a Deep Elf Fire Elementalist on Mar 16, 2014.
             Was an Initiate of Vehumet.
             Slain by a crimson imp
             ... wielding a +0,+0 long sword
              (8 damage)
             ... on Level 6 of the Dungeon.
             The game lasted 00:06:06 (998 turns).

4tharraofdagon the Firebug (DEFE)                    Turns: 998, Time: 00:06:07

HP  -2/24        AC  3     Str  5      XL: 4   Next: 95%
MP   5/14        EV 13     Int 26      God: Vehumet [......]
Gold 35          SH  0     Dex 15      Spells:  3 memorised,  2 levels left

rFire  . . .     SeeInvis .     d - +0 short sword
rCold  . . .     Clarity  .     a - +0 robe
rNeg   . . .     Conserve .     (no shield)
rPois  .         rCorr    .     (no helmet)
rElec  .         rRot     .     (no cloak)
SustAb . .       Spirit   .     f - +0 pair of gloves
rMut   .         Warding  .     (no boots)
Saprov . . .     Stasis   .     (no amulet)
MR     .....                    (no ring)
                                (no ring)

@: brilliant, not resistant to hostile enchantments, fairly stealthy
A: no striking features
a: Renounce Religion


You were on level 6 of the Dungeon.
You worshipped Vehumet.
Vehumet was noncommittal.
You were not hungry.

You visited 2 branches of the dungeon, and saw 7 of its levels.

You collected 57 gold pieces.
You spent 22 gold pieces at shops.

Inventory:

Hand weapons
 d - a +0,+0 short sword (weapon)
Armour
 a - a +0 robe (worn)
 f - a +0 pair of gloves (worn)
Comestibles
 c - 4 bread rations
 g - 2 chokos
 s - a meat ration
Scrolls
 e - a scroll of blinking {unknown}
 h - a scroll of remove curse
 i - a scroll of amnesia {unknown}
 k - a scroll of enchant weapon II {unknown}
 l - a scroll of fog {unknown}
Jewellery
 r - an uncursed amulet of resist corrosion {unknown}
Potions
 j - 2 potions of brilliance
 m - a potion of poison {unknown}
 n - a potion of degeneration {unknown}
 o - a potion of resistance {unknown}
 p - a potion of paralysis {unknown}
 q - a potion of mutation {unknown}
Books
 b - a book of Flames

   Spells                             Type                      Level
   *Flame Tongue                      Conjuration/Fire             1
   Throw Flame                        Conjuration/Fire             2
   *Conjure Flame                     Conjuration/Fire             3
   Inner Flame                        Hexes/Fire                   3
   *Sticky Flame                      Conjuration/Fire             4
   Fireball                           Conjuration/Fire             5


   Skills:
 - Level 2.4 Dodging
 - Level 2.4 Stealth
 + Level 3.8 Spellcasting
 * Level 3.4 Conjurations
 * Level 4.7 Fire Magic


You had 2 spell levels left.
You knew the following spells:

 Your Spells              Type           Power        Failure   Level  Hunger
a - Flame Tongue          Conj/Fire      #####        1%          1    None
b - Conjure Flame         Conj/Fire      #####...     1%          3    ##.....
c - Sticky Flame          Conj/Fire      #####...     2%          4    ####...


Dungeon Overview and Level Annotations

Branches:
Dungeon (6/15)             Temple (1/1) D:4

Altars:
Dithmenos
Elyvilon
Fedhas
Kikubaaqudgha
Makhleb
Nemelex Xobeh
Okawaru
Trog
Vehumet
Xom
Yredelemnul
The Shining One

Shops:
D:4 *

Annotations:
D:1 1 exclusion
D:4 exclusions: door and 1 more exclusion


Message History

Confirm with . or Enter, or press ? or * to list all spells.
Aiming: Flame Tongue
Press: ? - help, Shift-Dir - straight line, f/p - gnoll
Aim: a gnoll, wielding a club (moderately wounded)
The flame hits the gnoll.
You kill the gnoll!
Vehumet accepts your kill. The crimson imp barely misses you.
Casting: Flame Tongue
Confirm with . or Enter, or press ? or * to list all spells.
Okay, then.
The crimson imp blinks!
The crimson imp closely misses you.
You barely miss the crimson imp.
The crimson imp disappears for a moment.
The crimson imp hits you but does no damage.
Found a scroll labeled CUEPUL CRIHITS.
The crimson imp blinks!
The crimson imp hits you with a long sword!
You die...

#...# #...##..
#.))#####.##.#
###.#...#.##.##
#...........#
#...........#
#.§.........#
###.#####....##
#...#####....#
#..@...##....#
#.5....##.##.#######
###...?##...........
#.########+++#####
#.# #;≈...≈;# #.#
#≈≈#...#≈≈# #.#
≈≈#.#.#.#≈≈ #.#
#...#...# #.# #(#
#.#


You could see a crimson imp.

Vanquished Creatures
  A black bear skeleton (D:4)
  A worker ant (D:4)
  4 gnolls (D:6)
  2 adders
  A shadow imp (D:5)
  2 orcs (D:3)
  2 bats (D:1)
  A giant cockroach (D:2)
  3 hobgoblins
  5 kobolds
  2 rats (D:2)
24 creatures vanquished.

Notes
Turn   | Place    | Note
--------------------------------------------------------------
     0 | D:1      | 4tharraofdagon, the Deep Elf Fire Elementalist, began the quest for the Orb.
     0 | D:1      | Reached XP level 1. HP: 10/10 MP: 5/5
   351 | D:3      | Reached XP level 2. HP: 9/15 MP: 6/8
   560 | D:4      | Found a staircase to the Ecumenical Temple.
   570 | Temple   | Entered the Ecumenical Temple
   611 | Temple   | Became a worshipper of Vehumet
   679 | D:4      | Reached skill level 4 in Fire Magic
   679 | D:4      | Reached XP level 3. HP: 10/19 MP: 1/11
   684 | D:4      | Learned a level 3 spell: Conjure Flame
   697 | D:4      | Noticed a phantom
   736 | D:4      | Found Zuovug's Assorted Antiques.
   749 | D:4      | Reached XP level 4. HP: 15/24 MP: 2/14
   758 | D:4      | Bought a glowing red potion for 22 gold pieces
   818 | D:4      | Learned a level 4 spell: Sticky Flame
   838 | D:5      | Entered Level 5 of the Dungeon
   998 | D:6      | Slain by a crimson imp

Action                   |  1- 3 |  4- 6 || total
-------------------------+-------+-------++-------
Melee: Short sword       |    17 |     1 ||    18
 Cast: Flame Tongue      |    32 |    25 ||    57
       Conjure Flame     |       |     1 ||     1
  Use: Potion            |     3 |     1 ||     4
       Scroll            |     1 |       ||     1
